 Dungeon Crawl Stone Soup version 0.17-a0-1583-g2df49ec (webtiles) character file.

108 ololoev the Magician (level 4, 0/36 HPs)
             Began as a Draconian Transmuter on July 28, 2015.
             Succumbed to a goblin's poison
             ... on level 3 of the Dungeon.
             The game lasted 00:06:08 (2997 turns).

ololoev the Magician (Draconian Transmuter)         Turns: 2997, Time: 00:06:08

Health: 0/36       AC:  5    Str: 12    XL:     4   Next: 58%
Magic:  2/9        EV: 13    Int: 15    God:
Gold:   121        SH:  0    Dex: 15    Spells: 2 memorised, 7 levels left

rFire  . . .     SeeInvis .     i - +0 whip
rCold  . . .     Clarity  .     (armour unavailable)
rNeg   . . .     SustAt   .     (no shield)
rPois  .         Gourm    .     (helmet restricted)
rElec  .         Spirit   .     (no cloak)
rCorr  .         Warding  .     (no gloves)
rMut   .         Stasis   .     (no boots)
MR     .....                    r - amulet of faith
Stlth  +.........               (no ring)
                                m - +4 ring of dexterity

@: lethally poisoned (0 -> -30), appendage, very slightly contaminated, not
resistant to hostile enchantments, very unstealthy
A: unfitting armour, horns 2, cold-blooded, AC +5
a: End Transformation


Innate Abilities, Weirdness & Mutations

Your plain brown scales are hard (AC +5).
Your body does not fit into most forms of armour.
You are cold-blooded and may be slowed by cold attacks.
You have a pair of horns on your head.

Inventory:

Hand weapons
 i - a +0 whip (weapon)
Missiles
 a - 105 arrows
 p - 2 curare-tipped needles
Jewellery
 m - a +4 ring of dexterity (left hand)
 r - an amulet of faith (around neck)
Scrolls
 e - 2 scrolls of amnesia
 g - 3 scrolls of teleportation
 h - a scroll of magic mapping
Potions
 d - a potion of degeneration {unknown}
 n - a potion of ambrosia
 q - a potion of lignification {unknown}
Books
 b - a book of Changes

   Spells                             Type                      Level
   a - Beastly Appendage              Transmutation                1
   b - Sticks to Snakes               Transmutation                2
   c - Spider Form                    Transmutation/Poison         3
   d - Ice Form                       Ice/Transmutation            4
   e - Blade Hands                    Transmutation                5
Comestibles
 c - 4 bread rations
 f - a slice of pizza
 j - 2 chunks of flesh
 k - 3 fruits
 s - a meat ration


   Skills:
 + Level 2.1 Fighting
 + Level 2.9 Dodging
 - Level 3.0 Unarmed Combat
 * Level 3.5 Spellcasting
 - Level 2.0 Transmutations


You had 7 spell levels left.
You knew the following spells:

 Your Spells              Type           Power        Failure   Level  Hunger
a - Beastly Appendage     Trmt           #.....       12%         1    None
b - Sticks to Snakes      Trmt           #.........   14%         2    ##.....


You were on level 3 of the Dungeon.
You were not hungry.
You had grown temporary horns.
You visited 1 branch of the dungeon, and saw 3 of its levels.

You collected 121 gold pieces.

*,,......................##..#
*,,......................##..#
*,,......................##..#
*,,..........................#
*,,,......................##.#
*,,,..........................
*,,,........S.............##..
*,,,........S.............#...
*,,,.........@.........<......
****########g#######....##....
***>,.......K#*,,.......##....
*,,,,........'..#####...##....
*,,,,.....(..#### #######...
*,,,,........# #..#
***,,.$......# #..#
*,,........# #..# ***....?...#
#).#

Notes
Turn   | Place    | Note
--------------------------------------------------------------
     0 | D:1      | ololoev the Draconian Transmuter began the quest for the Orb.
     0 | D:1      | Reached XP level 1. HP: 16/16 MP: 3/3
    77 | D:1      | Reached XP level 2. HP: 23/23 MP: 5/5
   106 | D:1      | Learned a level 2 spell: Sticks to Snakes
   533 | D:2      | Reached XP level 3. HP: 6/28 MP: 7/7
  1214 | D:2      | Found a shattered altar of Ashenzari.
  1393 | D:2      | Reached XP level 4. HP: 36/36 MP: 8/8
  1980 | D:2      | HP: 1/36 [poisoned by an adder]
  2997 | D:3      | Succumbed to a goblin's poison

Dungeon Overview and Level Annotations

Branches:
Dungeon (3/15)

Altars:
Ashenzari


Message History

You feel very sick. The giant newt misses you.
The goblin hits you with a dagger of venom.
You are more poisoned.
You hit the giant newt.
You kill the giant newt!
You feel very sick. The kobold completely misses you.
The goblin closely misses you.
Press: ? - help, v - describe, . - travel
Here: a goblin, wielding a dagger of venom The floor.
You feel very sick.
The kobold throws a stone.
The stone hits you but does no damage.
You see here a stone.
You feel sick.
Drink which item? (? for menu, Esc to quit)
Okay, then.
Casting: Beastly Appendage
Confirm with . or Enter, or press ? or * to list all spells.
You grow a pair of large bovine horns.
You feel very sick. The goblin hits you but does no damage.
You closely miss the goblin.
You feel sick. The goblin completely misses you.
You hit the goblin.
The goblin is moderately wounded.
You feel sick. The goblin closely misses you.
Casting: Beastly Appendage
Confirm with . or Enter, or press ? or * to list all spells.
You create a snake!
You feel sick. The goblin hits you but does no damage.
Casting: Sticks to Snakes
Confirm with . or Enter, or press ? or * to list all spells.
You miscast Sticks to Snakes.
You are very lightly contaminated with residual magic.
You feel a strange surge of energy!
You feel sick. The goblin hits you but does no damage.
You are more poisoned.
Casting: Sticks to Snakes
Confirm with . or Enter, or press ? or * to list all spells.
You create a snake!
You die...

You could see a goblin, a kobold and 2 friendly ball pythons.

Vanquished Creatures
  2 adders (D:2)
  An ooze (D:1)
  A worm (D:2)
  4 orcs (D:3)
  8 goblins
  11 hobgoblins
  7 jackals
  A quokka (D:2)
  7 bats
  3 giant cockroaches
  2 giant newts
  11 kobolds
  4 rats
62 creatures vanquished.

Vanquished Creatures (collateral kills)
  2 adders
  A hobgoblin (D:2)
3 creatures vanquished.

Grand Total: 65 creatures vanquished

Action                   |  1- 3 |  4- 6 || total
-------------------------+-------+-------++-------
Melee: Unarmed           |    34 |       ||    34
       Whip              |   140 |   107 ||   247
 Cast: Beastly Appendage |     4 |     5 ||     9
       Sticks to Snakes  |     3 |     6 ||     9
  Use: Scroll            |       |     5 ||     5
       Potion            |       |     2 ||     2
 Stab: Sleeping          |       |     2 ||     2
  Eat: Chunk             |     2 |     6 ||     8

Vault maps used:
D:1:      moated_graveyard_arrival
D:2:      kennysheep_six_static_rooms, nicolae_overflow_hidden_temple,
          minmay_misc_feat_iff, patterned_corridor
D:3:      first_bread
